 Dungeon Crawl Stone Soup version 0.14.2 (webtiles) character file.

356 KristoblXynda the Sneak (level 5, -4/24 HPs)
             Began as a Spriggan Enchanter on June 13, 2017.
             Killed by divine providence
             ... invoked by an orc priest
              (11 damage)
             ... on Level 4 of the Dungeon.
             The game lasted 00:07:17 (2588 turns).

KristoblXynda the Sneak (Spriggan Enchanter)        Turns: 2588, Time: 00:07:17

HP  -4/24        AC  3     Str  5      XL: 5   Next: 51%
MP   7/18        EV 18     Int 17      God:
Gold 153         SH  0     Dex 16      Spells:  3 memorised,  7 levels left

rFire  . . .     SeeInvis +     a - +1 dagger
rCold  . . .     Clarity  .     k - +1 robe
rNeg   + . .     Conserve .     (shield restricted)
rPois  .         rCorr    .     (helmet restricted)
rElec  .         rRot     .     (no cloak)
SustAb . .       Spirit   .     (gloves unavailable)
rMut   .         Warding  +     (boots unavailable)
Saprov . . .     Stasis   .     d - amulet of warding
MR     .....                    (no ring)
                                u - ring of invisibility

@: very slightly contaminated, very quick, not resistant to hostile
enchantments, quite stealthy
A: unfitting armour, see invisible, herbivore 3, speed 3, slow metabolism 2
a: Evoke Invisibility


You were on level 4 of the Dungeon.
You were not hungry.

You visited 1 branch of the dungeon, and saw 4 of its levels.

You collected 153 gold pieces.

Inventory:

Hand weapons
 a - a +1,+1 dagger (weapon)
Missiles
 b - 8 poisoned darts (quivered)
Armour
 k - a +1 robe (worn)
Magical devices
 l - a wand of digging (12) {unknown}
 r - a wand of confusion (10)
 s - a wand of flame (16) {unknown}
Comestibles
 g - 2 chokos
 h - 14 grapes
 n - 3 bread rations
Scrolls
 f - 2 scrolls of teleportation
 m - a scroll of blinking {unknown}
 p - a scroll of enchant weapon II {unknown}
 q - a scroll of fog {unknown}
 t - 2 scrolls of identify
 w - a scroll of random uselessness {unknown}
 x - 3 scrolls of remove curse
Jewellery
 d - an amulet of warding (around neck)
 u - a ring of invisibility (left hand)
Potions
 e - a potion of porridge
 i - 6 potions of curing
 j - 2 potions of heal wounds
 v - 2 potions of restore abilities {unknown}
Books
 c - a book of Maledictions

   Spells                             Type                      Level
   *Corona                            Hexes                        1
   Sure Blade                         Hexes/Charms                 2
   *Ensorcelled Hibernation           Hexes/Ice                    2
   *Confuse                           Hexes                        3
   Enslavement                        Hexes                        4
   Invisibility                       Hexes                        6
 o - a book of Minor Magic

   Spells                             Type                      Level
   Magic Dart                         Conjuration                  1
   Blink                              Translocation                2
   Call Imp                           Summoning                    2
   Repel Missiles                     Charms/Air                   2
   Slow                               Hexes                        2
   Conjure Flame                      Conjuration/Fire             3
   Mephitic Cloud                     Conjuration/Poison/Air       3


   Skills:
 - Level 1.1 Short Blades
 - Level 1.1 Throwing
 - Level 3.0 Dodging
 + Level 5.8 Stealth
 + Level 4.8 Spellcasting
 + Level 5.0 Hexes


You had 7 spell levels left.
You knew the following spells:

 Your Spells              Type           Power        Failure   Level  Hunger
a - Corona                Hex            ###....      1%          1    None
b - Ensorcelled Hibernat  Hex/Ice        ##....       10%         2    #......
c - Confuse               Hex            ###.....     8%          3    ###....


Dungeon Overview and Level Annotations

Branches:
Dungeon (4/15)
 Temple: D:4-7

Altars:


Innate Abilities, Weirdness & Mutations

You are tiny and cannot use many weapons and most armour.
You have supernaturally acute eyesight.
You are a herbivore.
You cover ground extremely quickly.
You need consume almost no food.


Message History

You kill the orc!
The orc priest becomes somewhat translucent.
Casting: Ensorcelled Hibernation
Confirm with . or Enter, or press ? or * to list all spells.
Aiming: Ensorcelled Hibernation
Press: ? - help, Shift-Dir - straight line, f - orc priest
Aim: an orc priest, wielding a flail The orc priest resists.
The orc priest mumbles some strange prayers to Beogh against you.
Pain shoots through your body!
* * * LOW HITPOINT WARNING * * *
Casting: Ensorcelled Hibernation
Confirm with . or Enter, or press ? or * to list all spells.
Aiming: Ensorcelled Hibernation
Press: ? - help, Shift-Dir - straight line, f/p - orc priest
Aim: an orc priest, wielding a flail The orc priest resists.
The orc priest invokes the aid of Beogh against you.
Something smites you!
You die...

#................................
........................#.....#..
#..#............)......###...###.
.###.#.........%........#.....#..
.####.##.........................
#...###..........................
##.#.#.##........................
##.#####........................
### #........@)...............
#.##......o...............
#.##..#.................... ##
#.#......#..............
####....###.............
#...###............... #####
#..#...........# ###.#.#.########
###.###


You could see an orc priest.

Vanquished Creatures
  Sigmund (D:4)
  A worker ant (D:4)
  Jessica (D:2)
  3 adders
  A gnoll (D:4)
  A worm (D:4)
  A giant eyeball (D:4)
  2 orcs (D:4)
  A giant cockroach (D:1)
  9 hobgoblins
  4 kobolds
  A quokka (D:4)
  3 ball pythons
  6 bats
  3 giant newts
  6 goblins
  3 rats (D:2)
47 creatures vanquished.

Notes
Turn   | Place    | Note
--------------------------------------------------------------
     0 | D:1      | KristoblXynda, the Spriggan Enchanter, began the quest for the Orb.
     0 | D:1      | Reached XP level 1. HP: 9/9 MP: 4/4
   324 | D:1      | Reached XP level 2. HP: 13/13 MP: 4/8
   480 | D:1      | Learned a level 2 spell: Ensorcelled Hibernation
   829 | D:2      | Reached skill level 4 in Stealth
  1039 | D:2      | Noticed Jessica
  1078 | D:2      | Killed Jessica
  1078 | D:2      | Reached XP level 3. HP: 2/16 MP: 8/11
  1484 | D:2      | Learned a level 3 spell: Confuse
  1731 | D:3      | Reached XP level 4. HP: 21/21 MP: 14/14
  2220 | D:4      | Reached skill level 5 in Stealth
  2365 | D:4      | Noticed Sigmund
  2376 | D:4      | Killed Sigmund
  2376 | D:4      | Reached XP level 5. HP: 24/24 MP: 15/18
  2434 | D:4      | Noticed a phantom
  2458 | D:4      | Reached skill level 5 in Hexes
  2588 | D:4      | Killed from afar by an orc priest

Action                   |  1- 3 |  4- 6 || total
-------------------------+-------+-------++-------
Melee: Dagger            |    88 |    25 ||   113
Throw: Dart              |    22 |       ||    22
 Cast: Corona            |     4 |       ||     4
       Ensorcelled Hiber |     6 |    12 ||    18
  Use: Potion            |     1 |       ||     1
       Scroll            |     4 |     3 ||     7
 Stab: Sleeping          |    12 |    12 ||    24
